 Dungeon Crawl Stone Soup version 0.29.0-4-gdea44cf6ec (webtiles) character file.

Game seed: 10436586509846299002

106 qw the Chopper (level 4, -4/26 HPs)
             Began as a Tengu Warper on Aug 28, 2022.
             Slain by Natasha (5 damage)
             ... on level 2 of the Dungeon.
             The game lasted 00:00:08 (1479 turns).

qw the Chopper (Tengu Warper)                       Turns: 1479, Time: 00:00:09

Health: -4/26      AC:  3    Str: 13    XL:     4   Next: 84%
Magic:  8/8        EV: 12    Int: 14    God:
Gold:   28         SH:  0    Dex: 13    Spells: 7/7 levels left

rFire   . . .      SeeInvis .   Y - +0 hand axe
rCold   . . .      Faith    .   (no shield)
rNeg    . . .      Spirit   .   b - +0 leather armour
rPois   .          Reflect  .   (helmet restricted)
rElec   .          Harm     .   (no cloak)
rCorr   .          Rampage  .   (no gloves)
Will    .....                   (boots unavailable)
Stlth   +.........              (no amulet)
HPRegen 0.08/turn               (no ring)
MPRegen 0.11/turn               (no ring)

@: no status effects
A: beak, talons 3
a: no special abilities


You were on level 2 of the Dungeon.
You visited 1 branch of the dungeon, and saw 2 of its levels.

You collected 28 gold pieces.


Innate Abilities, Weirdness & Mutations

You have a beak for a mouth.
You have claws for feet.


   Skills:
 - Level 2.0 Fighting
 + Level 5.3 Axes
 - Level 1.0 Throwing
 - Level 1.1 Armour
 - Level 2.1 Dodging
 - Level 2.0 Spellcasting
 - Level 2.4 Translocations


You had 7 spell levels left.
You didn't know any spells.
Your spell library contained the following spells:

 Spells                   Type           Power      Damage    Failure   Level
 Blink                    Tloc           16%        N/A       17%         2
 Gell's Gravitas          Tloc           8%         N/A       34%         3
 Lesser Beckoning         Tloc           8%         N/A       34%         3
 Teleport Other           Tloc           8%         N/A       34%         3
 Manifold Assault         Tloc           8%         N/A       97%         5

Inventory:

Hand Weapons
 f - a +0 vorpal mace
 Y - a +0 hand axe (weapon)
Missiles
 d - 12 boomerangs of dispersal
 i - 2 silver javelins (quivered)
Armour
 b - a +0 leather armour (worn)
 j - a +0 ring mail
Jewellery
 a - a +6 ring of strength
Scrolls
 c - a scroll of enchant weapon {unknown}
 g - a scroll of enchant armour {unknown}
Potions
 e - a potion of berserk rage {unknown}
 h - a potion of might {unknown}
 k - a potion of lignification {unknown}
 m - a potion of heal wounds {unknown}

Dungeon Overview and Level Annotations

Branches:
Dungeon (2/15)

Altars:

Shops:
D:2 !

Annotations:
D:2 Natasha


Message History

The hobgoblin is almost dead.
You hit the goblin.
You kill the goblin!
The hobgoblin hits you.
You hit the hobgoblin.
You kill the hobgoblin!
You hit the goblin.
A goblin comes into view. It is wielding a +0 dagger.
A goblin comes into view. It is wielding a +0 club.
You closely miss the goblin.
The goblin is heavily wounded.
You closely miss the goblin.
Natasha, Servant of Life and Death comes into view.
The goblin hits you with a +0 club. The goblin barely misses you.
Natasha hisses angrily.
You hit the goblin.
You kill the goblin!
You hit the goblin. The goblin hits you but does no damage.
You hit the goblin.
You kill the goblin!
A goblin comes into view. It is wielding a +0 dagger.
You hit the goblin.
You kill the goblin!
You hit the goblin. The goblin hits you but does no damage.
You miss the goblin. Your kick misses the goblin. Your peck misses the goblin.
The goblin is heavily wounded.
You hit Natasha.
The goblin no longer looks unusually strong.
Natasha claws you. The goblin misses you.
You slash the goblin!
You kill the goblin!
You barely miss Natasha. Natasha casts a spell at you.
You resist with some effort.
You closely miss Natasha. Your kick misses Natasha. You peck Natasha.
Natasha is moderately wounded.
Natasha claws you.
You die... #.......# gg.

.##.......# gg #.##.......# g.
... #.......# ...... ##.###.#
#.......# .......[ !..#..#
#.......# ........ ..g.#
#.......# ........ ##h..###
#.......# ....... ##@).$..#
#........
#.....#######.)#..#..##.######. .
#.##.................. #.
..###....%.########.#.....## ##.
........#### #......>.####..
..##..####### ##..####.##....
......[.....#######....###....##.
......#####.............##.......
(...).....#######.##...).........


You could see Natasha and a goblin.

Vanquished Creatures
  Natasha (D:2)
  Robin (D:2)
  2 adders (D:2)
  A dart slug (D:2)
  2 ball pythons (D:1)
  3 bats
  2 endoplasms
  4 giant cockroaches (D:1)
  11 goblins
  4 hobgoblins
  3 jackals (D:2)
  A kobold (D:1)
  2 quokkas
  4 frilled lizards
  5 rats
46 creatures vanquished.

Notes
Turn   | Place    | Note
-------+----------+-------------------------------------------
     0 | D:1      | qw the Tengu Warper began the quest for the Orb.
     0 | D:1      | Reached XP level 1. HP: 12/12 MP: 4/4
     0 | D:1      | Noticed a demonspawn
     0 | D:1      | Noticed an octopode
     0 | D:1      | 0 ||| qw: Version: 0.1-a-89-g26bdef1
     0 | D:1      | 0 ||| qw: Game counter: 2807
     0 | D:1      | 0 ||| qw: Always use a shield: true
     0 | D:1      | 0 ||| qw: God list: Okawaru
     0 | D:1      | 0 ||| qw: Allow faded altars: false
     0 | D:1      | 0 ||| qw: Do Orc after D:15 true
     0 | D:1      | 0 ||| qw: Do second Lair branch before Depths: true
     0 | D:1      | 0 ||| qw: Lair rune preference: random
     0 | D:1      | 0 ||| qw: Plans: Normal
     0 | D:1      | 0 ||| PLANNING D:1-11
     1 | D:1      | Noticed a vampire
     2 | D:1      | Noticed a minotaur
     6 | D:1      | Noticed an elf
     7 | D:1      | Noticed a felid
     8 | D:1      | Noticed a draconian
    10 | D:1      | Noticed a ghoul
    12 | D:1      | Noticed a ghoul
    14 | D:1      | Noticed a tengu
    16 | D:1      | Noticed a demigod
    16 | D:1      | Noticed a merfolk
    18 | D:1      | Noticed a ghoul
    18 | D:1      | Noticed a felid
    18 | D:1      | Noticed a merfolk
    20 | D:1      | Noticed a demigod
   202 | D:1      | Reached XP level 2. HP: 17/17 MP: 6/6
   219 | D:1      | Reached skill level 3 in Axes
   731 | D:1      | Reached XP level 3. HP: 21/21 MP: 7/7
   807 | D:1      | 807 ||| READING scroll labelled FUIHUI QASAAMI.
   808 | D:1      | 808 ||| READING scroll labelled UDEPPUGHOW.
   809 | D:1      | 809 ||| READING scroll labelled FAEFFU SATUO.
   910 | D:1      | 910 ||| READING scroll labelled CEOVUMM ITEO.
   911 | D:1      | 911 ||| DROPPING scroll of blinking.
   942 | D:2      | Found a faded altar of an unknown god.
   988 | D:2      | Found Riekhlem's Distillery.
  1012 | D:2      | 1012 ||| SHOPLISTING 2 potions of resistance (260 gold,
                  | have 28).
  1012 | D:2      | 1012 ||| SHOPLISTING potion of haste (130 gold, have 28).
  1012 | D:2      | 1012 ||| SHOPLISTING potion of might (52 gold, have 28).
  1012 | D:2      | 1012 ||| SHOPLISTING potion of resistance (130 gold, have
                  | 28).
  1055 | D:2      | Noticed Natasha
  1056 | D:2      | 1056 ||| Stepping ~*~*~tactically~*~*~ (hiding).
  1066 | D:2      | Killed Natasha
  1067 | D:2      | Reached skill level 4 in Axes
  1264 | D:2      | Reached XP level 4. HP: 26/26 MP: 8/8
  1446 | D:2      | Reached skill level 5 in Axes
  1456 | D:2      | Noticed Robin
  1457 | D:2      | 1457 ||| Stepping ~*~*~tactically~*~*~ (stealth).
  1459 | D:2      | 1459 ||| Stepping ~*~*~tactically~*~*~ (hiding).
  1469 | D:2      | Killed Robin
  1473 | D:2      | Noticed Natasha
  1473 | D:2      | HP: 5/26 [goblin/+0 club[Robin] (2)]
  1477 | D:2      | HP: 1/26 [Natasha (4)]
  1479 | D:2      | Slain by Natasha

Levels and vault maps discovered:
D:1:      shiori_arrival_whats_in_store_for_you, layout_basic
D:2:      layout_rooms, serial_shops, nicolae_shop_trees,
          ebering_ecumenical_altar_rust, uniq_robin, uniq_natasha

Skill      XL: |  1  2  3  4 |
---------------+-------------+-----
Axes           | 3 4 5 |  5.3
Fighting       | |  2.0
Throwing       | |  1.0
Armour         | |  1.1
Dodging        | |  2.1
Spellcasting   | |  2.0
Translocations | |  2.4

Action                   |  1- 3 |  4- 6 || total
-------------------------+-------+-------++-------
Melee: Hand axe          |    31 |    36 ||    67
       Kick              |     4 |     7 ||    11
       Peck              |     4 |     6 ||    10
Throw: Javelin           |    31 |     5 ||    36
  Use: Scroll            |     4 |       ||     4
Armor: Leather armour    |     6 |    12 ||    18
Dodge: Dodged            |    14 |    18 ||    32

Table legend:
 A = Non-vault XP
 B = Vault XP
 C = Vault XP percentage of total XP
 D = Non-vault monster count
 E = Vault monster count
 F = Vault count percentage of total count
                 A         B        C        D         E       F
            +---------+---------+-------+---------+---------+-------
      Total |      83 |      69 |  45.4 |      35 |      11 |  23.9
            +---------+---------+-------+---------+---------+-------
        D:1 |      34 |       0 |   0.0 |      21 |       0 |   0.0
        D:2 |      49 |      69 |  58.5 |      14 |      11 |  44.0
            +---------+---------+-------+---------+---------+-------
